 Dungeon Crawl Stone Soup version 0.25-a0-697-g890751e744 (webtiles) character file.

Game seed: 1377042818633498525, levelgen mode: deterministic

38 Findor the Poker (level 3, 0/27 HPs)
             Began as a Merfolk Gladiator on Apr 1, 2020.
             Slain by a sky beast (6 damage)
             ... on level 2 of the Dungeon.
             The game lasted 00:03:07 (1285 turns).

Findor the Poker (Merfolk Gladiator)                Turns: 1285, Time: 00:03:07

Health: 0/27       AC:  6    Str: 15    XL:     3   Next: 43%
Magic:  3/3        EV: 14    Int:  7    God:
Gold:   80         SH:  0    Dex: 15    Spells: 2/2 levels left

rFire    . . .     SeeInvis .   a - +0 trident
rCold    . . .     Gourm    .   (no shield)
rNeg     . . .     Faith    .   j - +0 ring mail
rPois    .         Spirit   .   c - +0 helmet
rElec    .         Reflect  .   (no cloak)
rCorr    .         Harm     .   (no gloves)
MR       .....                  (no boots)
Stlth    +.........             (no amulet)
HPRegen  0.09/turn              k - +2 ring of evasion
MPRegen  0.08/turn              (no ring)

@: no status effects
A: change form in water, swift swim, stealthy swim
a: no special abilities


You were on level 2 of the Dungeon.
You were not hungry.

You visited 1 branch of the dungeon, and saw 2 of its levels.

You collected 80 gold pieces.


   Skills:
 - Level 2.1 Fighting
 * Level 6.4 Polearms
 - Level 2.0 Throwing
 - Level 4.0 Dodging


You had 2 spell levels left.
You didn't know any spells.
Your spell library was empty.

Inventory:

Hand Weapons
 a - a +0 trident (weapon)
Missiles
 d - 3 throwing nets (quivered) {!f}
Armour
 b - a +0 leather armour
 c - a +0 helmet (worn)
 j - a +0 ring mail (worn)
   (You found it on level 2 of the Dungeon)
Jewellery
 k - a +2 ring of evasion (left hand)
   (You found it on level 2 of the Dungeon)
Scrolls
 e - a scroll of identify {@r1}
 g - a scroll of enchant weapon {unknown}
 i - 2 scrolls of fear
Potions
 l - a potion of mutation {unknown}
Comestibles
 f - 3 rations
 h - 3 chunks of flesh


Message History

There is an open door here.
You see here a bat skeleton.
Things that are here:
a +0 club; a hobgoblin corpse You see here a ring mail.
j - a ring mail You start removing your armour.
You continue taking off your +0 leather armour. x4
You finish taking off your +0 leather armour.
You start putting on your armour.
You continue putting on your ring mail. x5
You finish putting on your +0 ring mail.
Eating a chunk of flesh.
You eat the chunk of flesh.
You butcher the hobgoblin corpse.
h - 3 chunks of flesh
Things that are here:
a +0 club; a hobgoblin skeleton
Things that are here:
a +0 club; a hobgoblin skeleton
There is an open door here.
You see here a bat skeleton.
You open the door.
Found a stone staircase leading up.
There is an open door here.
Found a stone staircase leading up.
Found a stone staircase leading down.
Found a scratched emerald ring.
k - a scratched emerald ring
Found a sedimented inky potion and 16 gold pieces.
k - a +2 ring of evasion (left hand)
l - a sedimented inky potion You now have 80 gold pieces (gained 16).
There is an open door here.
The sky beast flickers out of sight!
Deactivating autopickup; reactivate with Ctrl-A.
There is a strange disturbance nearby!
Attack whom?
Press: ? - help, Dir - move target cursor You reach to attack!
You closely miss something. You hit something.
Something hits you but does no damage.
You closely miss something. Something hits you but does no damage.
Your ring mail prevents you from hitting something.
Something barely misses you.
You hit something but do no damage. Something hits you. Something shocks you.
You miss something. Something hits you but does no damage.
You hit something. Something hits you. Something shocks you.
* * * LOW HITPOINT WARNING * * *
You barely miss something. Something hits you.
* * * LOW HITPOINT WARNING * * *
Something shocks you.
You die...

#........##.# #.#
#.####.#<# #........##.#
#.# #......###
#.....[..##.# #.# ########
####.........#.# #.#
.......#.#.#.#.###.#
####............##.#
..)....#.##'##.###.#######
####.....#...#.{.........#
#...#รท'...+.#@#.#####.#
####..#...#...#.#
#######.##+##.#.#.#
##...............#.#
.......#.#.#s#.#.#.#
.........#### ..#.#
.........# ..#.#
.........# ..# .........#


You could see a giant cockroach (wandering).

Vanquished Creatures
  An adder (D:2)
  A ball python (D:1)
  2 giant cockroaches (D:2)
  2 goblins
  3 hobgoblins
  6 bats
  3 frilled lizards (D:1)
  4 kobolds (D:1)
  7 rats
  A plant (D:1)
30 creatures vanquished.

Vanquished Creatures (others)
  4 toadstools (D:1)
4 creatures vanquished.

Grand Total: 34 creatures vanquished

Notes
Turn   | Place    | Note
-------+----------+-------------------------------------------
     0 | D:1      | Findor the Merfolk Gladiator began the quest for the Orb.
     0 | D:1      | Reached XP level 1. HP: 16/16 MP: 1/1
   128 | D:1      | Reached skill level 5 in Polearms
   212 | D:1      | Reached XP level 2. HP: 19/22 MP: 2/2
   733 | D:2      | Reached skill level 6 in Polearms
   733 | D:2      | Reached XP level 3. HP: 27/27 MP: 3/3
   783 | D:2      | Noticed a sky beast
   797 | D:2      | HP: 5/27 [something (6)]
  1285 | D:2      | Slain by a sky beast

Levels and vault maps discovered:
D:1:      ldierk_walled_garden_2, layout_basic, serial_forest,
          infiniplex_forest_clump_medium, infiniplex_forest_lined_room_3,
          infiniplex_forest_straight_2, infiniplex_forest_clump_medium,
          infiniplex_forest_corner_2, infiniplex_forest_end_3
D:2:      layout_basic, lemuel_coloured_pillars_altar, first_ration,
          minmay_misc_feat_doors

Action                   || total
-------------------------++-------
Melee: Trident           ||   147
  Use: Scroll            ||     2
       Potion            ||     1
  Eat: Chunk             ||     1
Armor: Leather armour    ||    26
       Ring mail         ||     3
Dodge: Dodged            ||    63
